 Dungeon Crawl Stone Soup version 0.19-a0-1608-g4cf22de (webtiles) character file.

676 GameOver the Stinger (level 7, -3/55 HPs)
             Began as a Naga Wizard on Sept 17, 2016.
             Was an Initiate of Okawaru.
             Slain by a gnoll
             ... wielding a cursed -3 halberd
              (9 damage)
             ... on level 5 of the Dungeon.
             The game lasted 00:23:54 (2939 turns).

GameOver the Stinger (Naga Wizard)                  Turns: 2939, Time: 00:23:54

Health: -3/55      AC:  5    Str: 10    XL:     7   Next: 59%
Magic:  4/11       EV:  9    Int: 20    God:    Okawaru [......]
Gold:   164        SH:  0    Dex:  9    Spells: 4 memorised, 4 levels left

rFire  . . .     SeeInvis +     w - +0 scythe
rCold  . . .     Gourm    .     h - +0 leather armour
rNeg   . . .     Faith    .     (shield currently unavailable)
rPois  +         Spirit   .     u - +1 helmet
rElec  .         Dismiss  .     (no cloak)
rCorr  .         Reflect  .     (no gloves)
MR     .....     Harm     .     (no barding)
Stlth  ++........               (no amulet)
                                (no ring)
                                (no ring)

@: exhausted, short of breath, very slightly contaminated, slowed, repel
missiles, very slow
A: see invisible, deformed body, poison resistance, slowness 2, slow metabolism
1, spit poison 1, AC +2
a: Spit Poison, Renounce Religion


You were on level 5 of the Dungeon.
You worshipped Okawaru.
Okawaru was noncommittal.
You were near starving.

You visited 2 branches of the dungeon, and saw 6 of its levels.

You collected 164 gold pieces.

Inventory:

Hand Weapons
 t - a +0 antimagic whip
 w - a +0 scythe (weapon)
Armour
 h - a +0 leather armour (worn)
 u - a +1 helmet (worn)
Jewellery
 v - an uncursed amulet of guardian spirit
Scrolls
 k - 2 scrolls of remove curse
 l - a scroll of fear {unknown}
 n - 4 scrolls of identify {unknown}
 o - 3 scrolls of enchant weapon {unknown}
 q - 3 scrolls of immolation
 r - 3 scrolls of magic mapping {unknown}
 x - a scroll of amnesia {unknown}
 y - 2 scrolls of recharging {unknown}
Potions
 f - a potion of lignification {unknown}
 i - a potion of flight {unknown}
 m - a potion of haste {unknown}
 s - a potion of magic {unknown}
 z - a potion of degeneration {unknown}
Books
 c - a book of Minor Magic

   Spells                             Type                      Level
   a - Magic Dart                     Conjuration                  1
   b - Blink                          Translocation                2
   c - Call Imp                       Summoning                    2
   d - Repel Missiles                 Charms/Air                   2
   e - Slow                           Hexes                        2
   f - Conjure Flame                  Conjuration/Fire             3
   g - Mephitic Cloud                 Conjuration/Poison/Air       3
Comestibles
 a - 4 fruits
 b - a meat ration
 d - 2 bread rations
 g - 2 slices of pizza
 j - a beef jerky


   Skills:
 - Level 1.5 Dodging
 - Level 3.0 Stealth
 - Level 3.0 Spellcasting
 + Level 4.9 Conjurations
   Level 1.0 Summonings
 - Level 1.0 Translocations
 + Level 4.2 Air Magic
 + Level 5.6 Poison Magic


You had 4 spell levels left.
You knew the following spells:

 Your Spells              Type           Power        Failure   Level  Hunger
a - Magic Dart            Conj           ###.         2%          1    None
b - Blink                 Tloc           N/A          21%         2    ##.....
d - Mephitic Cloud        Conj/Pois/Air  ###.....     10%         3    ###....
z - Repel Missiles        Chrm/Air       ##....       14%         2    ##.....


Dungeon Overview and Level Annotations

Branches:
Dungeon (5/15)             Temple (1/1) D:4

Altars:
Cheibriados
Dithmenos
Elyvilon
Fedhas
Hepliaklqana
Kikubaaqudgha
Makhleb
Okawaru
Qazlal
Ru
Sif Muna
Vehumet
Xom
Yredelemnul
Zin
The Shining One

Annotations:
D:2 1 runed door
D:5 Edmund


Innate Abilities, Weirdness & Mutations

You cannot wear boots.
Your serpentine skin is tough. (AC +2)
You have supernaturally acute eyesight. (SInv)
Armour fits poorly on your strangely shaped body.
Your system is resistant to poisons. (rPois)
You cover ground very slowly.
You have a slow metabolism.
You can spit poison.


Message History

The creatures around you are filled with an inner flame!
It was a scroll of immolation.
Casting: Blink
Confirm with . or Enter, or press ? or * to list all spells.
You miscast Blink.
You are very lightly contaminated with residual magic.
Strange energies run through your body. The gnoll barely misses you.
The gnoll closely misses you.
Casting: Blink
Confirm with . or Enter, or press ? or * to list all spells.
You blink.
Press: ? - help, Shift-Dir - straight line, f/p - gnoll
Aim: a gnoll, wielding a halberd (inner flame)
The splash of poison misses the gnoll.
You feel slightly more hungry. The gnoll hits you but does no damage.
Casting: Blink
Confirm with . or Enter, or press ? or * to list all spells.
You miscast Blink.
Strange energies run through your body.
The gnoll hits you from afar with a halberd!
You die...

.........# .........# #.....#
.........# +.....# .........#
#.....# .........# #.....#
.?.......#######.....#
)....................#
....##+##............#+##### ..
#...+.......@...........
#...#...................
#...#.......g...........
#...#...................
##..#...................
#####..#####'##.....############
...............'.....'...........
...............#†)...#....<......
...............#.....#...........


You could see a gnoll (inner flame).

Vanquished Creatures
  Sigmund (D:3)
  A phantom (D:4)
  A howler monkey (D:5)
  A bullfrog zombie (D:5)
  An orc priest (D:4)
  An orc wizard (D:3)
  Terence (D:3)
  2 worker ants (D:4)
  11 adders
  3 gnolls (D:5)
  A shadow imp (D:5)
  2 oozes
  An adder skeleton (D:4)
  4 worms
  A dart slug (D:2)
  7 orcs
  4 giant cockroaches
  9 hobgoblins
  10 jackals
  6 kobolds
  2 quokkas
  A ball python (D:1)
  3 bats
  A frilled lizard (D:2)
  6 goblins
  5 rats
  A fungus (D:2)
87 creatures vanquished.

Notes
Turn   | Place    | Note
-------+----------+-------------------------------------------
     0 | D:1      | GameOver the Naga Wizard began the quest for the Orb.
     0 | D:1      | Reached XP level 1. HP: 15/15 MP: 4/4
    86 | D:1      | Reached XP level 2. HP: 22/22 MP: 0/6
    90 | D:1      | Learned a level 2 spell: Repel Missiles
   265 | D:1      | Reached skill level 1 in Air Magic
   480 | D:1      | Reached XP level 3. HP: 28/28 MP: 5/7
   485 | D:1      | Learned a level 3 spell: Mephitic Cloud
   488 | D:1      | Learned a level 2 spell: Blink
   636 | D:2      | Reached skill level 1 in Poison Magic
   814 | D:2      | Reached XP level 4. HP: 36/36 MP: 6/8
   824 | D:2      | Found a faded altar of an unknown god.
   846 | D:2      | Reached skill level 2 in Poison Magic
  1278 | D:2      | Found a runed door.
  1315 | D:3      | Noticed Terence
  1340 | D:3      | Killed Terence
  1340 | D:3      | Reached XP level 5. HP: 35/42 MP: 4/9
  1502 | D:3      | Noticed Sigmund
  1533 | D:3      | Killed Sigmund
  1533 | D:3      | Reached skill level 3 in Poison Magic
  1533 | D:3      | Reached XP level 6. HP: 49/49 MP: 0/10
  1588 | D:3      | Reached skill level 4 in Poison Magic
  2094 | D:4      | Noticed a phantom
  2142 | D:4      | Killed a phantom
  2142 | D:4      | Reached XP level 7. HP: 20/55 MP: 2/11
  2200 | D:4      | Found a staircase to the Ecumenical Temple.
  2232 | Temple   | Entered the Ecumenical Temple
  2368 | Temple   | Became a worshipper of Warmaster Okawaru
  2561 | D:4      | Reached skill level 5 in Poison Magic
  2817 | D:5      | Entered Level 5 of the Dungeon
  2878 | D:5      | Noticed Edmund
  2939 | D:5      | Slain by a gnoll

Vault maps used:
D:1:      tarquinn_simple_flora_water_e, minmay_misc_feat_x
D:2:      first_bread, ecumenical_altar_2, uniq_crazy_yiuf_cottage
D:3:      uniq_sigmund, uniq_terence
D:5:      uniq_edmund, uniq_blork_the_orc
Temple:   eino_temple_rhombus

Skill      XL: |  1  2  3  4  5  6  7 |
---------------+----------------------+-----
Conjurations   | 2 3 4 |  4.9
Air Magic      | 1 2 3 4 |  4.2
Poison Magic   | 1 2 3 4 5 |  5.6
Dodging        | |  1.5
Stealth        | |  3.0
Spellcasting   | |  3.0
Summonings     | |  1.0
Translocations | |  1.0

Action                   |  1- 3 |  4- 6 |  7- 9 || total
-------------------------+-------+-------+-------++-------
Melee: Short sword       |     3 |       |       ||     3
       Spear             |     2 |   112 |       ||   114
       Whip              |       |     2 |       ||     2
       Scythe            |       |     2 |    33 ||    35
 Cast: Magic Dart        |    44 |    59 |    28 ||   131
       Repel Missiles    |     1 |       |       ||     1
       Blink             |     1 |       |     2 ||     3
       Mephitic Cloud    |       |     5 |     2 ||     7
 Abil: Spit Poison       |    48 |    39 |    16 ||   103
  Use: Scroll            |       |     1 |     1 ||     2
       Potion            |       |       |     4 ||     4
 Stab: Confused          |       |     3 |     1 ||     4
  Eat: Chunk             |     2 |     7 |     3 ||    12
Armor: Leather armour    |     7 |    34 |    25 ||    66
Dodge: Dodged            |    23 |    49 |    30 ||   102
